 Dungeon Crawl Stone Soup version 0.23.1 (webtiles) character file.

Game seed: 15400585210635801157

230 Borgoz the Sneak (level 6, 0/45 HPs)
             Began as a Ghoul Enchanter on Mar 14, 2019.
             Was an Initiate of Ashenzari.
             Slain by Menkaure (22 damage)
             ... on level 4 of the Dungeon.
             The game lasted 00:07:05 (3089 turns).

Borgoz the Sneak (Ghoul Enchanter)                  Turns: 3089, Time: 00:07:05

Health: 0/45       AC:  7    Str: 12    XL:     6   Next: 3%
Magic:  8/8        EV: 13    Int: 10    God:    Ashenzari [......]
Gold:   178        SH:  0    Dex: 11    Spells: 6/9 levels left

rFire    . . .     SeeInvis .   a - +1 dagger
rCold    + . .     Gourm    .   (no shield)
rNeg     + + +     Faith    .   f - +1 robe
rPois    ∞         Spirit   .   i - +2 helmet
rElec    .         Reflect  .   (no cloak)
rCorr    .         Harm     .   g - +0 pair of gloves
MR       .....                  (no boots)
Stlth    +++.......             (no amulet)
HPRegen  0.00/turn              (no ring)
MPRegen  0.11/turn              (no ring)

@: rotting
A: rotting body, claws 1, carnivore, cold resistance 1, negative energy
resistance 3, inhibited regeneration, torment resistance, unbreathing
a: Curse Item, Renounce Religion


You were on level 4 of the Dungeon.
You worshipped Ashenzari.
Ashenzari was noncommittal.
You were not hungry.

You visited 2 branches of the dungeon, and saw 5 of its levels.

You collected 178 gold pieces.

Inventory:

Hand Weapons
 a - a +1 dagger (weapon)
 b - a +0 blowgun
Missiles
 h - 4 javelins (quivered)
 j - 13 poisoned needles
Armour
 f - a +1 robe (worn)
 g - a +0 pair of gloves (worn)
 i - a +2 helmet (worn)
 l - a +0 ring mail
Scrolls
 m - a scroll of fog {unknown}
Potions
 e - 2 potions of heal wounds
 k - 2 potions of invisibility {unknown}
Comestibles
 c - 2 chunks of flesh
 d - 3 rations


   Skills:
 + Level 2.5 Short Blades
 + Level 3.0 Dodging
 + Level 4.7 Stealth
 - Level 2.0 Spellcasting
 + Level 3.3 Hexes


You had 6 spell levels left.
You knew the following spells:

 Your Spells              Type           Power        Failure   Level  Hunger
a - Corona                Hex            #......      8%          1    ##.....
b - Ensorcelled Hibernat  Hex/Ice        #.....       24%         2    ###....

Your spell library contained the following spells:

 Spells                   Type           Power        Failure   Level  Hunger
 Confuse                  Hex            #.......     24%         3    ####...
 Tukima's Dance           Hex            #.......     24%         3    ####...
 Dazzling Spray           Conj/Hex       #.....       43%         3    ####...


Dungeon Overview and Level Annotations

Branches:
Dungeon (4/15)             Temple (1/1) D:4

Altars:
Ashenzari
Dithmenos
Elyvilon
Fedhas
Gozag
Hepliaklqana
Kikubaaqudgha
Makhleb
Qazlal
Ru
Trog
Uskayaw
Vehumet
Wu Jian
Xom
Yredelemnul
Zin
The Shining One

Annotations:
D:4 Menkaure


Innate Abilities, Weirdness & Mutations

Your body is rotting away.
You thrive on raw meat.
You are immune to poison.
You have sharp fingernails.
You are carnivorous and can eat meat at any time.
Your flesh is cold resistant. (rC+)
You are immune to negative energy. (rN+++)
You do not regenerate when monsters are visible.
You are immune to unholy pain and torment.
You can survive without breathing.


Message History

You impale Menkaure!!
Menkaure is severely damaged.
Menkaure hits you.
You hit Menkaure but do no damage.
Menkaure is severely damaged.
Menkaure hits you.
You barely miss Menkaure.
Menkaure is severely damaged.
Menkaure hits you!!
You feel much better.
You hit Menkaure but do no damage.
Menkaure is severely damaged.
Menkaure misses you.
You hit Menkaure.
Menkaure is almost destroyed.
Menkaure hits you!!
You barely miss Menkaure.
Menkaure is almost destroyed.
Menkaure hits you!!
You die...

..#......##
..........##
..#.###....########
.##.# ##..........#
## # ##..######># #
#..# .# # #..# .# #
#.#..######M###
#.........@...#
###..#####.....#
#... ......# ##.#
##....)# #.#
##.....# ...
....... #.# .......
#. ..##..#


You could see Menkaure.

Vanquished Creatures
  A scorpion (Temple)
  A hound (D:4)
  A jelly (D:3)
  An orc priest (D:3)
  An adder (D:2)
  An ooze (D:1)
  A worm (D:2)
  4 dart slugs
  2 leopard geckos
  8 orcs
  A ball python (D:2)
  5 bats
  2 giant cockroaches
  6 hobgoblins
  2 jackals (D:2)
  4 frilled lizards
  8 goblins
  6 kobolds
  5 rats
60 creatures vanquished.

Notes
Turn   | Place    | Note
-------+----------+-------------------------------------------
     0 | D:1      | Borgoz the Ghoul Enchanter began the quest for the Orb.
     0 | D:1      | Reached XP level 1. HP: 14/14 MP: 2/2
    47 | D:1      | Reached skill level 1 in Short Blades
   276 | D:1      | Reached XP level 2. HP: 20/20 MP: 3/3
   336 | D:1      | Learned a level 2 spell: Ensorcelled Hibernation
   563 | D:2      | Reached XP level 3. HP: 20/26 MP: 5/5
  1567 | D:1      | Reached XP level 4. HP: 26/33 MP: 6/6
  2431 | D:3      | Reached skill level 4 in Stealth
  2497 | D:3      | Reached XP level 5. HP: 34/38 MP: 2/7
  2551 | D:4      | Found a staircase to the Ecumenical Temple.
  2562 | Temple   | Entered the Ecumenical Temple
  2572 | Temple   | Became a worshipper of Ashenzari the Shackled
  2811 | D:4      | Reached XP level 6. HP: 34/45 MP: 1/8
  3077 | D:4      | Noticed Menkaure
  3089 | D:4      | Slain by Menkaure

Skill      XL: |  1  2  3  4  5 |
---------------+----------------+-----
Short Blades   | 1 2 |  2.5
Dodging        | 2 3 |  3.0
Spellcasting   | 2 |  2.0
Stealth        | 4 |  4.7
Hexes          | 3 |  3.3

Action                   |  1- 3 |  4- 6 || total
-------------------------+-------+-------++-------
Melee: Dagger            |   155 |    99 ||   254
 Cast: Corona            |     3 |       ||     3
       Ensorcelled Hiber |     5 |    10 ||    15
  Use: Scroll            |     2 |     1 ||     3
       Potion            |     1 |     3 ||     4
 Stab: Sleeping          |     4 |     9 ||    13
  Eat: Chunk             |    13 |     6 ||    19
       Ration            |     1 |       ||     1
Armor: Robe              |    45 |    15 ||    60
Dodge: Dodged            |   112 |    51 ||   163
